 Dungeon Crawl Stone Soup version 0.29.0-4-gdea44cf6ec (webtiles) character file.

Game seed: 2677175151654429818

153689 qw the Severer (level 18, -4/143 HPs)
             Began as a Formicid Cinder Acolyte on Sept 4, 2022.
             Was a Priest of Okawaru.
             Killed from afar by Nikola (72 damage)
             ... with an arc of chain lightning
             ... on level 3 of the Swamp.
             The game lasted 00:15:00 (30100 turns).

qw the Severer (Formicid Cinder Acolyte)           Turns: 30100, Time: 00:15:00

Health: -4/143     AC: 37    Str: 26    XL:     18   Next: 23%
Magic:  25/25      EV: 10    Int: 21    God:    Okawaru [***...]
Gold:   1393       SH: 31    Dex: 17    Spells: 19/19 levels left

rFire   + + .      SeeInvis +   p - +8 executioner's axe (vamp)
rCold   + + .      Faith    .   n - +2 tower shield {rPois}
rNeg    . . .      Spirit   .   A - +5 gold dragon scales of the Swamp {rPois rF+ rC+ Dex+4}
rPois   +          Reflect  +   (helmet unavailable)
rElec   .          Harm     .   r - scarf {rC+ rF+}
rCorr   .          Rampage  .   k - +1 pair of gloves "Eduosh" {Regen+ Dex+4}
Will    +....                   t - +2 pair of boots
Stlth   ..........              o - amulet of reflection
HPRegen 1.13/turn               a - +4 ring of protection
MPRegen 0.19/turn               x - ring "Folamo" {Int+6 Slay+4}

@: heroic
A: permanent stasis, dig shafts and tunnels, antennae 3, four strong arms
a: Dig, Shaft Self, Renounce Religion, Heroism


You were on level 3 of the Swamp.
You worshipped Okawaru.
Okawaru was most pleased with you.
You visited 6 branches of the dungeon, and saw 29 of its levels.
You visited the Abyss 1 time.

You collected 4011 gold pieces.
You spent 2618 gold pieces at shops.


Innate Abilities, Weirdness & Mutations

You cannot be hasted, slowed, berserked, paralysed or teleported.
You can dig through walls and to a lower floor.
You have a pair of large antennae on your head. (SInv)
Your four strong arms can wield two-handed weapons with a shield.


   Skills:
 - Level 13.0(18.0) Fighting
 - Level 19.0(24.0) Axes
 - Level 8.0(13.0) Throwing
 + Level 13.8(18.8) Armour
 - Level 5.1(10.1) Dodging
 - Level 18.0(23.0) Shields
 - Level 1.1 Spellcasting
 - Level 3.0 Fire Magic
 - Level 10.0 Invocations


You had 19 spell levels left.
You didn't know any spells.
Your spell library contained the following spells:

 Spells                   Type           Power      Damage    Failure   Level
 Scorch                   Fire           26%        2d6       83%         2

Inventory:

Hand Weapons
 p - a +8 vampiric executioner's axe (weapon)
Missiles
 q - 10 boomerangs
 y - 4 javelins (quivered)
Armour
 h - the +1 pair of gloves of Elitism {*Slow rF++ MP+9}
   (You acquired it on level 1 of the Swamp)

   rF:        It greatly protects you from fire.
   MP:        It affects your magic capacity (+9).
   *Slow:     It may slow you when you take damage.
 k - the +1 pair of gloves "Eduosh" (worn) {Regen+ Dex+4}
   (Okawaru gifted it to you on level 3 of the Lair of Beasts)

   Dex:       It affects your dexterity (+4).
   Regen:     It increases your rate of health regeneration.
 n - a +2 tower shield of poison resistance (worn)
 r - a scarf of resistance (worn)
 t - a +2 pair of boots (worn)
 z - a +0 cloak
 A - the +5 gold dragon scales of the Swamp (worn) {rPois rF+ rC+ Dex+4}
   (You bought it in a shop on level 2 of the Orcish Mines)

   Dex:       It affects your dexterity (+4).
   rF:        It protects you from fire.
   rC:        It protects you from cold.
   rPois:     It protects you from poison.
Jewellery
 a - a +4 ring of protection (left hand)
 c - a ring of poison resistance
 o - an amulet of reflection (around neck)
 u - the ring of Qoizica {rC+ rCorr Str+5 Dex-4}
   (You acquired it on level 5 of the Lair of Beasts)

   [ring of resist corrosion]

   Str:       It affects your strength (+5).
   Dex:       It affects your dexterity (-4).
   rC:        It protects you from cold.
   rCorr:     It protects you from acid and corrosion.
 v - a ring of fire
 x - the ring "Folamo" (right hand) {Int+6 Slay+4}
   (You acquired it on level 5 of the Lair of Beasts)

   [ring of slaying]

   Int:       It affects your intelligence (+6).
   Slay:      It affects your accuracy & damage with ranged weapons and melee
   (+4).
Scrolls
 g - 12 scrolls of identify
 i - 2 scrolls of brand weapon
 B - 3 scrolls of enchant armour
Potions
 b - 8 potions of curing
 d - 6 potions of mutation
 f - 4 potions of cancellation
 j - 9 potions of might
 l - a potion of haste
 m - a potion of resistance
 s - 6 potions of heal wounds
 w - 2 potions of magic

Dungeon Overview and Level Annotations

Branches:
Dungeon (15/15)            Temple (1/1) D:6            Lair (5/5) D:8
  Swamp (3/4) Lair:2        Snake (3/4) Lair:3        Slime (0/5) Lair:5
    Orc (2/2) D:9             Elf (0/3) Orc:2        Vaults (0/5) D:13
 Depths (0/4) D:15

Altars:
Ashenzari
Cheibriados
Dithmenos
Elyvilon
Fedhas
Gozag
Makhleb
Okawaru
Qazlal
Ru
Sif Muna
Trog
Uskayaw
Vehumet
Wu Jian
Xom
Zin
Jiyva

Shops:
D:1 :   D:4 (   D:7 ?   D:10 !   Orc:2 =(*[   Snake:1 :   Snake:2 :*
Snake:3 [*:

Annotations:
D:7 2 transporters, qw's ghost, novice TrCA
Swamp:3 Nikola


Message History

The tyrant leech is almost dead.
You block the tyrant leech's attack.
You barely miss the tyrant leech.
The tyrant leech is almost dead.
Your unstable footing causes you to fumble your attack.
You block the tyrant leech's attack.
You slice the tyrant leech!!
You feel better.
You kill the tyrant leech!
Okawaru accepts your kill.
Nikola casts a spell.
Nikola blinks!
Nikola gestures wildly while chanting.
Nikola blinks!
Found a ring mail.
Nikola casts a spell.
Lightning arcs from Nikola's hands!
The bolt of lightning hits you!!!
You enter the shallow water.
Moving in this stuff is going to be slow.
A tyrant leech comes into view.
Nikola casts a spell at you. The bolt of lightning hits you!!
Nikola casts a spell.
Nikola blinks!
You enter the shallow water.
Moving in this stuff is going to be slow.
A bloated husk comes into view.
You block Nikola's attack.
A spriggan druid comes into view. It is wielding a +0 quarterstaff.
The spriggan druid shouts!
You slice Nikola like a ripe choko!!!
You feel better.
Nikola is moderately wounded.
You block Nikola's attack.
You cut Nikola into ribbons!!!
Nikola is heavily wounded.
You slice the tyrant leech!! You block the tyrant leech's attack.
Nikola casts a spell.
Lightning arcs from Nikola's hands!
The bolt of lightning hits you!!!!
Ouch! That really hurt!
You die...

~~~~~~~¤~~~~~~~~~~~~~~.~~~
~~~~~~~~~~~~~~~~~~~~~..~~~
~~~~~~..¤~~~.~..~~~~7..~~~
~~~~¤~~..........¤~~i..~~~
~~~~~~...7..777.~~~~..~~~~
~~~~~~~.777.77...~~~~~~~~~
~~.~~~~.77..777.~~¤~~..>..
[~7~~~~.777<77..@~~~~77777
.~.~~~...7...7..@~~~~....
..~~~¤~..77777..w~~~~~.~~7
..~~~~..7.7......~~~~.~777
~~~~~~~.........~~~~..7..
~..~~~.~....~..~¤¤~~~~.~~.
...~~~~~~~~n~~~¤~~~~~¤.!..
~~.~~~~~~~~~~~~~~~~~~^..7
.~~~~~~~~~~~~~~~~~~~~~~[
..~.~~~~.~.~~~..~...~77.


You could see Nikola, a tyrant leech, a spriggan druid and a bloated husk.

Vanquished Creatures
  A thorn hunter (Swamp:2)
  A nagaraja (Snake:2)
  A fire giant (D:15)
  An orc warlord (Orc:2)
  Aizul (Swamp:1)
  An ironbound preserver (D:13)
  An eleionoma (Swamp:2)
  A spark wasp (Swamp:1)
  Snorg (Lair:5)
  3 bunyips
  A fire dragon (D:12)
  A rakshasa (D:15)
  6 boulder beetles
  A ghost crab (Swamp:2)
  10 hydras
  A merfolk avatar (Lair:5)
  An ogre mage (D:15)
  Erica (D:11)
  Erolcha (Orc:2)
  5 alligators
  4 centaur warriors
  5 anacondas
  12 naga warriors
  6 death yaks (Lair:5)
  7 two-headed ogres
  A tengu warrior (D:13)
  An orc high priest (Orc:2)
  3 hell hogs (Abyss:1)
  A spriggan berserker (Swamp:2)
  6 naga sharpshooters
  Urug (Orc:2)
  6 shock serpents
  A salamander mystic (Snake:3)
  7 goliath frogs
  Lodul (D:11)
  2 naga ritualists
  2 spriggan druids
  A swamp dragon (Swamp:1)
  2 bog bodies
  An obsidian statue (D:12)
  3 orc knights (Orc:2)
  A mana viper (shapeshifter) (D:15)
  2 deep elf pyromancers
  3 orc sorcerers (Orc:2)
  A harpy (Lair:5)
  5 ugly things
  7 mana vipers
  5 cyclopes
  5 manticores
  A salamander (shapeshifter) (D:13)
  A will-o-the-wisp (Swamp:2)
  12 salamanders
  11 elephants
  5 guardian serpents
  29 black mambas
  An eye of devastation (Lair:5)
  A guardian serpent (shapeshifter) (D:15)
  3 naga magi
  15 cane toads
  4 orange demons (D:14)
  2 gargoyles
  Psyche (D:11)
  Maggie (D:7)
  6 rime drakes
  9 komodo dragons
  An efreet (D:15)
  A freezing wraith (D:15)
  2 unseen horrors
  A tengu conjurer (D:13)
  8 trolls
  2 polar bears (Lair:5)
  5 tyrant leeches
  2 bloated husks (Swamp:1)
  A wind drake (Lair:5)
  A wolf spider simulacrum (D:15)
  5 hornets
  A queen bee (Lair:2)
  Grinder (D:6)
  7 slime creatures
  A blink frog (shapeshifter) (D:14)
  10 blink frogs
  7 dream sheep (Lair:4)
  2 snapping turtles (Lair:5)
  4 shadows
  3 spriggans
  42 yaks
  A culicivora (shapeshifter) (D:15)
  5 wraiths
  3 vampires
  10 fire elementals
  5 wyverns
  A ynoxinul (Abyss:1)
  4 basilisks
  3 steam dragons
  16 vampire mosquitoes
  3 wargs (Orc:2)
  Grum (Lair:1)
  7 swamp worms
  3 acid dragons
  33 nagas
  A two-headed ogre zombie (D:9)
  11 water moccasins
  Duvessa (D:4)
  A floating eye (Lair:5)
  2 hell hounds (Lair:2)
  3 swamp drakes
  A sky beast (D:7)
  25 orc warriors
  14 ogres
  2 black bears
  An ice beast (D:6)
  15 wolves
  8 centaurs
  2 phantoms (D:9)
  3 kobold brigands
  A necrophage (D:5)
  9 bullfrogs
  2 gnoll sergeants
  9 scorpions
  9 wights
  32 killer bees
  Dowan (D:4)
  9 howler monkeys
  10 electric eels
  4 hounds
  A jelly (D:6)
  15 orc priests
  A gnoll bouda (D:8)
  4 iguanas
  21 orc wizards
  7 ogre zombies (D:9)
  2 centaur simulacra
  A boggart simulacrum (D:15)
  21 gnolls
  13 adders
  A shadow imp (D:6)
  A white imp (D:5)
  An ufetubus (D:4)
  3 worms (D:2)
  2 dart slugs
  38 orcs
  5 bats
  9 endoplasms
  4 giant cockroaches
  7 goblins
  10 hobgoblins
  8 jackals
  18 kobolds
  4 quokkas
  3 training dummies (D:4)
  6 ball pythons
  4 frilled lizards
  3 goblin skeletons (D:9)
  2 goblin zombies (D:9)
  6 hobgoblin skeletons (D:9)
  A hobgoblin zombie (D:9)
  2 orc skeletons (D:9)
  11 orc zombies (D:9)
  6 rats
863 creatures vanquished.

Vanquished Creatures (others)
  A ghost crab (Swamp:1)
  A spriggan (Swamp:2)
  A manticore (Lair:5)
  3 bloated husks
  A hornet (Swamp:2)
  A kobold (D:8)
  8 foxfires (Swamp:2)
  29 fungi
  62 plants
107 creatures vanquished.

Grand Total: 970 creatures vanquished

Notes
Turn   | Place    | Note
-------+----------+-------------------------------------------
     0 | D:1      | qw the Formicid Cinder Acolyte began the quest for the Orb.
     0 | D:1      | Reached XP level 1. HP: 18/18 MP: 2/2
     0 | D:1      | 0 ||| qw: Version: 0.1-a-103-gd6f5d3a
     0 | D:1      | 0 ||| qw: Game counter: 5536
     0 | D:1      | 0 ||| qw: Always use a shield: true
     0 | D:1      | 0 ||| qw: God list: Okawaru
     0 | D:1      | 0 ||| qw: Allow faded altars: false
     0 | D:1      | 0 ||| qw: Do Orc after D:15 true
     0 | D:1      | 0 ||| qw: Do second Lair branch before Depths: true
     0 | D:1      | 0 ||| qw: Lair rune preference: random
     0 | D:1      | 0 ||| qw: Plans: Normal
     0 | D:1      | 0 ||| PLANNING D:1-11
    84 | D:1      | 84 ||| INVOKING Fiery Armour.
    87 | D:1      | Reached XP level 2. HP: 12/24 MP: 3/3
    97 | D:1      | 97 ||| Stepping ~*~*~tactically~*~*~ (stealth).
   473 | D:1      | 473 ||| Stepping ~*~*~tactically~*~*~ (hiding).
   661 | D:1      | 661 ||| Stepping ~*~*~tactically~*~*~ (stealth).
   702 | D:1      | Reached skill level 4 in Axes
   702 | D:1      | Reached XP level 3. HP: 27/29 MP: 4/4
   719 | D:1      | 719 ||| Stepping ~*~*~tactically~*~*~ (stealth).
   759 | D:1      | 759 ||| Stepping ~*~*~tactically~*~*~ (stealth).
   760 | D:1      | 760 ||| Stepping ~*~*~tactically~*~*~ (stealth).
   875 | D:1      | Reached skill level 1 in Dodging
  1101 | D:1      | 1101 ||| Stepping ~*~*~tactically~*~*~ (stealth).
  1176 | D:1      | Found a faded altar of an unknown god.
  1219 | D:1      | Found Cuukle's Book Boutique.
  1343 | D:1      | 1343 ||| Stepping ~*~*~tactically~*~*~ (water).
  1511 | D:1      | 1511 ||| UPGRADING to +0 leather armour.
  1521 | D:1      | 1521 ||| DROPPING +0 robe.
  1522 | D:1      | 1522 ||| UPGRADING to +0 chain mail.
  1532 | D:1      | 1532 ||| DROPPING +0 leather armour.
  1533 | D:1      | 1533 ||| READING scroll labelled YVEDDA UCZOLO.
  1534 | D:1      | 1534 ||| READING scroll labelled UCOPSUMICH.
  1535 | D:1      | 1535 ||| READING scroll labelled SYCETA SODUMIC.
  1536 | D:1      | 1536 ||| READING scroll labelled XOTHRE TOARUR.
  1537 | D:1      | 1537 ||| READING scroll labelled CIRYUGG HAIRRAY.
  1538 | D:1      | 1538 ||| DRINKING 2 orange potions.
  1631 | D:2      | 1631 ||| INVOKING Fiery Armour.
  1634 | D:2      | 1634 ||| FLEEEEING.
  1635 | D:2      | 1635 ||| FLEEEEING.
  1636 | D:2      | 1636 ||| FLEEEEING.
  1637 | D:2      | 1637 ||| FLEEEEING.
  1639 | D:2      | 1639 ||| FLEEEEING.
  1640 | D:2      | 1640 ||| FLEEEEING.
  1641 | D:2      | 1641 ||| FLEEEEING.
  1642 | D:2      | 1642 ||| FLEEEEING.
  1644 | D:2      | 1644 ||| FLEEEEING.
  1645 | D:2      | 1645 ||| FLEEEEING.
  1646 | D:2      | 1646 ||| FLEEEEING.
  1647 | D:2      | 1647 ||| FLEEEEING.
  1648 | D:2      | 1648 ||| FLEEEEING.
  1650 | D:2      | 1650 ||| FLEEEEING.
  1651 | D:2      | 1651 ||| FLEEEEING.
  1652 | D:2      | 1652 ||| FLEEEEING.
  1653 | D:2      | 1653 ||| FLEEEEING.
  1654 | D:2      | 1654 ||| FLEEEEING.
  1655 | D:2      | 1655 ||| FLEEEEING.
  1656 | D:2      | 1656 ||| FLEEEEING.
  1657 | D:2      | 1657 ||| FLEEEEING.
  1658 | D:2      | 1658 ||| FLEEEEING.
  1659 | D:2      | 1659 ||| FLEEEEING.
  1660 | D:2      | 1660 ||| FLEEEEING.
  1661 | D:2      | 1661 ||| STAIRDANCE
  1753 | D:1      | 1753 ||| UPGRADING to +4 ring of protection.
  1762 | D:2      | 1762 ||| INVOKING Fiery Armour.
  1763 | D:2      | HP: 7/29 [iguana (8)]
  1765 | D:2      | Reached XP level 4. HP: 8/35 MP: 5/5
  1765 | D:2      | 1765 ||| STAIRDANCE
  2169 | D:2      | 2169 ||| Stepping ~*~*~tactically~*~*~ (stealth).
  2436 | D:2      | Reached XP level 5. HP: 32/41 MP: 6/6
  2631 | D:2      | 2631 ||| Stepping ~*~*~tactically~*~*~ (stealth).
  2632 | D:2      | 2632 ||| Stepping ~*~*~tactically~*~*~ (stealth).
  2792 | D:2      | 2792 ||| UPGRADING to +0 tower shield.
  2797 | D:2      | 2797 ||| READING scroll labelled WUMNIO PAUT.
  2798 | D:2      | 2798 ||| READING scroll labelled TUUC PAHUG.
  2799 | D:2      | 2799 ||| READING 2 scrolls of identify.
  2799 | D:2      | 2799 ||| IDENTIFYING white potion
  2838 | D:3      | 2838 ||| STAIRDANCE
  2909 | D:3      | Reached skill level 1 in Shields
  3005 | D:3      | Found a burning altar of Makhleb.
  3098 | D:3      | Identified the +5 mace "Igopsac" {vorpal, Stlth+}
  3168 | D:3      | 3168 ||| INVOKING Fiery Armour.
  3170 | D:3      | Reached skill level 3 in Shields
  3170 | D:3      | Reached XP level 6. HP: 16/47 MP: 7/7
  3174 | D:3      | HP: 11/47 [poisoned by a scorpion]
  3702 | D:3      | 3702 ||| Stepping ~*~*~tactically~*~*~ (stealth).
  3756 | D:3      | 3756 ||| UPGRADING to amulet of reflection.
  3761 | D:3      | 3761 ||| DROPPING amulet of guardian spirit.
  3762 | D:3      | 3762 ||| READING scroll labelled MYSAUK UCVIH.
  3763 | D:3      | 3763 ||| READING scroll labelled HEGIVV WAESS.
  3764 | D:3      | 3764 ||| DRINKING 2 coppery potions.
  3765 | D:3      | 3765 ||| READING 2 scrolls of identify.
  3765 | D:3      | 3765 ||| IDENTIFYING blue potion
  3766 | D:3      | 3766 ||| DROPPING potion of attraction.
  3767 | D:3      | 3767 ||| Stepping randomly (stuck).
  3768 | D:3      | 3768 ||| Stepping ~*~*~tactically~*~*~ (cloud).
  4003 | D:4      | Noticed Dowan
  4003 | D:4      | Noticed Duvessa
  4004 | D:4      | 4004 ||| INVOKING Fiery Armour.
  4015 | D:4      | Killed Duvessa
  4029 | D:4      | 4029 ||| Stepping ~*~*~tactically~*~*~ (hiding).
  4030 | D:4      | 4030 ||| Stepping ~*~*~tactically~*~*~ (hiding).
  4034 | D:4      | Killed Dowan
  4035 | D:4      | Reached skill level 6 in Shields
  4065 | D:4      | 4065 ||| Stepping ~*~*~tactically~*~*~ (stealth).
  4190 | D:4      | Reached XP level 7. HP: 52/52 MP: 8/8
  4285 | D:4      | 4285 ||| Stepping ~*~*~tactically~*~*~ (stealth).
  4286 | D:4      | 4286 ||| Stepping ~*~*~tactically~*~*~ (stealth).
  4525 | D:4      | Found Dasirrys's Firing Range.
  4953 | D:4      | Found a shadowy altar of Dithmenos.
  4954 | D:4      | Found a blossoming altar of Fedhas.
  4954 | D:4      | Found a shimmering blue altar of Sif Muna.
  5100 | D:4      | 5100 ||| UPGRADING to ring of protection from cold.
  5101 | D:4      | 5101 ||| READING scroll labelled NYUREAVVIKH.
  5171 | D:4      | 5171 ||| READING scroll labelled UNAUZX LOLECEPP.
  5272 | D:4      | 5272 ||| READING 3 scrolls of identify.
  5272 | D:4      | 5272 ||| IDENTIFYING amethyst potion
  5273 | D:4      | 5273 ||| READING 2 scrolls of identify.
  5273 | D:4      | 5273 ||| IDENTIFYING fuming red potion
  5274 | D:4      | 5274 ||| DROPPING potion of degeneration.
  5275 | D:4      | 5275 ||| DROPPING potion of invisibility.
  5284 | D:5      | Entered Level 5 of the Dungeon
  5292 | D:5      | 5292 ||| STAIRDANCE
  5300 | D:5      | 5300 ||| STAIRDANCE
  5316 | D:4      | 5316 ||| DROPPING +0 club.
  5570 | D:5      | 5570 ||| INVOKING Fiery Armour.
  5939 | D:5      | Reached skill level 5 in Axes
  5939 | D:5      | Reached XP level 8. HP: 49/58 MP: 9/9
  6029 | D:5      | Found a broken altar of Ashenzari.
  6236 | D:5      | 6236 ||| SWAPPING to +0 war axe.
  6263 | D:5      | 6263 ||| DROPPING +0 hand axe of chaos.
  6444 | D:5      | Found an opulent altar of Gozag.
  6533 | D:5      | 6533 ||| READING scroll labelled BUZEH MYMASHRA.
  6534 | D:5      | 6534 ||| READING 2 scrolls of identify.
  6534 | D:5      | 6534 ||| IDENTIFYING puce potion
  6650 | D:6      | Noticed Grinder
  6661 | D:6      | Reached skill level 9 in Shields
  6685 | D:6      | 6685 ||| INVOKING Fiery Armour.
  6687 | D:6      | Killed Grinder
  6688 | D:6      | Reached skill level 6 in Axes
  7004 | D:6      | 7004 ||| Stepping ~*~*~tactically~*~*~ (hiding).
  7008 | D:6      | 7008 ||| Stepping ~*~*~tactically~*~*~ (hiding).
  7485 | D:6      | Found a staircase to the Ecumenical Temple.
  7666 | D:6      | 7666 ||| UPGRADING to +0 pair of boots.
  7671 | D:6      | 7671 ||| READING scroll labelled HUOWNU HOUMP.
  7672 | D:6      | 7672 ||| DRINKING 2 fuming puce potions.
  7706 | D:6      | 7706 ||| READING 3 scrolls of identify.
  7706 | D:6      | 7706 ||| IDENTIFYING emerald potion
  7707 | D:6      | 7707 ||| READING 2 scrolls of identify.
  7707 | D:6      | 7707 ||| IDENTIFYING lumpy red potion
  7708 | D:6      | 7708 ||| DROPPING potion of lignification.
  7709 | D:6      | 7709 ||| DROPPING potion of brilliance.
  7755 | D:7      | Reached XP level 9. HP: 65/65 MP: 10/10
  7771 | D:7      | Reached skill level 7 in Axes
  8027 | D:7      | 8027 ||| Stepping ~*~*~tactically~*~*~ (stealth).
  8159 | D:7      | Reached skill level 3 in Armour
  8160 | D:7      | Found a transporter.
  8167 | D:7      | Noticed qw's ghost (novice TrCA)
  8239 | D:7      | Found a stormy altar of Qazlal.
  8308 | D:7      | 8308 ||| Stepping ~*~*~tactically~*~*~ (stealth).
  8309 | D:7      | 8309 ||| Stepping ~*~*~tactically~*~*~ (stealth).
  8339 | D:7      | 8339 ||| INVOKING Fiery Armour.
  8346 | D:7      | Reached skill level 8 in Axes
  8528 | D:7      | Found Tiwn's Magic Scroll Shoppe.
  8535 | D:7      | 8535 ||| BUYING scroll of enchant weapon (82 gold).
  8535 | D:7      | Bought a scroll of enchant weapon for 82 gold pieces
  8535 | D:7      | 8535 ||| BUYING scroll of identify (22 gold).
  8535 | D:7      | Bought a scroll of identify for 22 gold pieces
  8535 | D:7      | 8535 ||| BUYING scroll of identify (22 gold).
  8535 | D:7      | Bought a scroll of identify for 22 gold pieces
  8535 | D:7      | 8535 ||| BUYING scroll of identify (22 gold).
  8535 | D:7      | Bought a scroll of identify for 22 gold pieces
  8535 | D:7      | 8535 ||| BUYING scroll of identify (22 gold).
  8535 | D:7      | Bought a scroll of identify for 22 gold pieces
  8535 | D:7      | 8535 ||| READING scroll of enchant weapon.
  8535 | D:7      | 8535 ||| ENCHANTING +0 war axe.
  8597 | D:7      | Found a transporter.
  8674 | D:7      | Noticed Maggie
  8691 | D:7      | Killed Maggie
  9040 | D:7      | 9040 ||| UPGRADING to +2 scale mail of fire resistance.
  9129 | D:8      | 9129 ||| Stepping ~*~*~tactically~*~*~ (stealth).
  9131 | D:8      | 9131 ||| Stepping ~*~*~tactically~*~*~ (stealth).
  9135 | D:8      | 9135 ||| Stepping ~*~*~tactically~*~*~ (hiding).
  9150 | D:8      | 9150 ||| Stepping ~*~*~tactically~*~*~ (stealth).
  9290 | D:8      | 9290 ||| INVOKING Fiery Armour.
  9347 | D:8      | 9347 ||| DROPPING +4 flail.
  9460 | D:8      | 9460 ||| Stepping ~*~*~tactically~*~*~ (stealth).
  9494 | D:8      | Reached XP level 10. HP: 65/73 MP: 11/11
  9550 | D:8      | 9550 ||| SWAPPING to +0 battleaxe.
  9551 | D:8      | 9551 ||| DROPPING +1 war axe.
  9577 | D:8      | Found a staircase to the Lair.
  9580 | D:8      | 9580 ||| Stepping ~*~*~tactically~*~*~ (hiding).
  9581 | D:8      | 9581 ||| Stepping ~*~*~tactically~*~*~ (hiding).
  9590 | D:8      | 9590 ||| INVOKING Fiery Armour.
  9594 | D:8      | Reached skill level 9 in Axes
  9594 | D:8      | 9594 ||| Stepping ~*~*~tactically~*~*~ (stealth).
  9595 | D:8      | 9595 ||| Stepping ~*~*~tactically~*~*~ (stealth).
  9600 | D:8      | 9600 ||| FLEEEEING.
  9601 | D:8      | 9601 ||| FLEEEEING.
  9602 | D:8      | 9602 ||| FLEEEEING.
  9603 | D:8      | 9603 ||| FLEEEEING.
  9604 | D:8      | 9604 ||| STAIRDANCE
  9655 | D:7      | 9655 ||| READING scroll labelled RULYCS PEL LIE.
  9655 | D:7      | Identified a scroll of acquirement
  9655 | D:7      | 9655 ||| ACQUIRING +5 battleaxe of Animal Spirits {elec,
                  | rPois}
  9655 | D:7      | Acquired the +5 battleaxe of Animal Spirits {elec, rPois}
  9657 | D:7      | 9657 ||| SWAPPING to +5 battleaxe of Animal Spirits {elec,
                  | rPois}.
  9658 | D:7      | 9658 ||| DROPPING +0 battleaxe.
  9665 | D:8      | Identified the +8 chain mail of the Other Side {Str+5
                  | Int+7}
  9679 | D:8      | 9679 ||| READING scroll of enchant armour.
  9679 | D:8      | 9679 ||| ENCHANTING +0 pair of boots.
  9737 | D:8      | 9737 ||| Stepping ~*~*~tactically~*~*~ (hiding).
  9855 | D:8      | 9855 ||| INVOKING Fiery Armour.
  9866 | D:8      | Reached skill level 12 in Shields
  9931 | D:8      | 9931 ||| Stepping ~*~*~tactically~*~*~ (stealth).
  9940 | D:8      | Reached skill level 6 in Fighting
 10042 | D:8      | 10042 ||| Stepping ~*~*~tactically~*~*~ (hiding).
 10047 | D:8      | 10047 ||| Stepping ~*~*~tactically~*~*~ (hiding).
 10053 | D:8      | Reached skill level 10 in Axes
 10156 | D:8      | 10156 ||| DROPPING +2 flail of draining.
 10290 | D:8      | 10290 ||| PLANNING LAIR
 10290 | D:8      | 10290 ||| DROPPING +0 chain mail.
 10291 | D:8      | 10291 ||| UPGRADING to +8 chain mail of the Other Side
                  | {Str+5 Int+7}.
 10301 | D:8      | 10301 ||| DROPPING +2 scale mail of fire resistance.
 10351 | Lair:1   | Entered Level 1 of the Lair of Beasts
 10479 | Lair:1   | Noticed a rime drake
 10483 | Lair:1   | Killed a rime drake
 10564 | Lair:1   | 10564 ||| INVOKING Fiery Armour.
 10579 | Lair:1   | Reached XP level 11. HP: 83/83 MP: 12/12
 10776 | Lair:1   | Identified the +1 chain mail of Time Monsters {rC++ MP-9
                  | Int+6}
 10820 | Lair:1   | Noticed Grum
 10820 | Lair:1   | 10820 ||| Stepping ~*~*~tactically~*~*~ (hiding).
 10831 | Lair:1   | 10831 ||| INVOKING Fiery Armour.
 10836 | Lair:1   | Killed Grum
 10837 | Lair:1   | Reached skill level 11 in Axes
 11284 | Lair:1   | 11284 ||| PLANNING TEMPLE
 11284 | Lair:1   | 11284 ||| READING 7 scrolls of identify.
 11284 | Lair:1   | 11284 ||| IDENTIFYING bubbling dark potion
 11404 | Temple   | Entered the Ecumenical Temple
 11412 | Temple   | 11412 ||| PLANNING CONVERSION TO OKAWARU
 11417 | Temple   | Fell from the grace of Ignis
 11417 | Temple   | Became a worshipper of Warmaster Okawaru
 11418 | Temple   | 11418 ||| PLANNING LAIR
 11540 | Lair:2   | Found a staircase to the Swamp.
 11540 | Lair:2   | Noticed a bog body
 11541 | Lair:2   | 11541 ||| Stepping ~*~*~tactically~*~*~ (hiding).
 11550 | Lair:2   | Killed a bog body
 11628 | Lair:2   | 11628 ||| Stepping ~*~*~tactically~*~*~ (stealth).
 11629 | Lair:2   | 11629 ||| Stepping ~*~*~tactically~*~*~ (stealth).
 11655 | Lair:2   | Reached * piety under Okawaru
 11656 | Lair:2   | 11656 ||| INVOKING Heroism.
 11665 | Lair:2   | Reached skill level 1 in Invocations
 11666 | Lair:2   | 11666 ||| INVOKING Heroism.
 11679 | Lair:2   | 11679 ||| INVOKING Heroism.
 11704 | Lair:2   | 11704 ||| Stepping ~*~*~tactically~*~*~ (stealth).
 11743 | Lair:2   | Noticed a boulder beetle
 11745 | Lair:2   | 11745 ||| INVOKING Heroism.
 11752 | Lair:2   | Reached skill level 3 in Invocations
 11758 | Lair:2   | 11758 ||| INVOKING Heroism.
 11770 | Lair:2   | Killed a boulder beetle
 11770 | Lair:2   | Reached ** piety under Okawaru
 11803 | Lair:2   | 11803 ||| INVOKING Heroism.
 11814 | Lair:2   | Reached XP level 12. HP: 92/92 MP: 13/15
 11864 | Lair:2   | 11864 ||| Stepping ~*~*~tactically~*~*~ (stealth).
 11868 | Lair:2   | 11868 ||| INVOKING Heroism.
 11875 | Lair:2   | Reached skill level 12 in Axes
 11890 | Lair:2   | You fall into a shaft and drop 2 floors!
 11893 | Lair:4   | 11893 ||| Stepping ~*~*~tactically~*~*~ (stealth).
 11939 | Lair:4   | You fall into a shaft and drop 1 floor!
 11939 | Lair:5   | Entered Level 5 of the Lair of Beasts
 12005 | Lair:5   | 12005 ||| INVOKING Heroism.
 12006 | Lair:5   | 12006 ||| Stepping ~*~*~tactically~*~*~ (stealth).
 12006 | Lair:5   | Found a viscous altar of Jiyva.
 12008 | Lair:5   | 12008 ||| Stepping ~*~*~tactically~*~*~ (stealth).
 12072 | Lair:5   | 12072 ||| INVOKING Heroism.
 12074 | Lair:5   | HP: 19/92 [disintegration (34)]
 12075 | Lair:5   | 12075 ||| DRINKING 2 potions of heal wounds.
 12085 | Lair:5   | Reached *** piety under Okawaru
 12110 | Lair:5   | 12110 ||| INVOKING Heroism.
 12143 | Lair:5   | 12143 ||| DRINKING 2 potions of curing.
 12143 | Lair:5   | 12143 ||| (to cure confusion)
 12144 | Lair:5   | 12144 ||| INVOKING Heroism.
 12209 | Lair:5   | 12209 ||| INVOKING Heroism.
 12218 | Lair:5   | Reached skill level 13 in Axes
 12302 | Lair:5   | 12302 ||| INVOKING Heroism.
 12336 | Lair:5   | 12336 ||| Stepping ~*~*~tactically~*~*~ (stealth).
 12346 | Lair:5   | 12346 ||| Stepping ~*~*~tactically~*~*~ (stealth).
 12347 | Lair:5   | 12347 ||| Stepping ~*~*~tactically~*~*~ (stealth).
 12352 | Lair:5   | 12352 ||| Stepping ~*~*~tactically~*~*~ (stealth).
 12367 | Lair:5   | 12367 ||| INVOKING Heroism.
 12367 | Lair:5   | Noticed a six-headed hydra
 12372 | Lair:5   | 12372 ||| SWAPPING to +0 dire flail.
 12376 | Lair:5   | Reached skill level 9 in Fighting
 12378 | Lair:5   | Killed a six-headed hydra
 12378 | Lair:5   | Reached **** piety under Okawaru
 12379 | Lair:5   | 12379 ||| SWAPPING to +5 battleaxe of Animal Spirits {elec,
                  | rPois}.
 12410 | Lair:5   | 12410 ||| INVOKING Heroism.
 12411 | Lair:5   | 12411 ||| Stepping ~*~*~tactically~*~*~ (stealth).
 12419 | Lair:5   | Reached skill level 15 in Shields
 12421 | Lair:5   | Noticed a seven-headed hydra
 12426 | Lair:5   | 12426 ||| SWAPPING to +0 dire flail.
 12428 | Lair:5   | Noticed a boulder beetle
 12435 | Lair:5   | HP: 18/95 [seven-headed hydra (10)]
 12436 | Lair:5   | 12436 ||| DRINKING potion of heal wounds.
 12437 | Lair:5   | Killed a seven-headed hydra
 12437 | Lair:5   | Reached ***** piety under Okawaru
 12438 | Lair:5   | 12438 ||| INVOKING Heroism.
 12439 | Lair:5   | 12439 ||| SWAPPING to +5 battleaxe of Animal Spirits {elec,
                  | rPois}.
 12440 | Lair:5   | 12440 ||| INVOKING Finesse.
 12441 | Lair:5   | 12441 ||| INVOKING Finesse.
 12462 | Lair:5   | 12462 ||| INVOKING Heroism.
 12464 | Lair:5   | Killed a boulder beetle
 12465 | Lair:5   | Reached skill level 6 in Armour
 12465 | Lair:5   | Reached skill level 6 in Invocations
 12465 | Lair:5   | Reached XP level 13. HP: 38/101 MP: 8/17
 12500 | Lair:5   | 12500 ||| INVOKING Heroism.
 12558 | Lair:5   | Noticed a seven-headed hydra
 12559 | Lair:5   | 12559 ||| INVOKING Heroism.
 12560 | Lair:5   | 12560 ||| INVOKING Finesse.
 12563 | Lair:5   | 12563 ||| SWAPPING to +0 dire flail.
 12575 | Lair:5   | Killed a seven-headed hydra
 12575 | Lair:5   | Received a gift from Okawaru
 12576 | Lair:5   | 12576 ||| SWAPPING to +5 battleaxe of Animal Spirits {elec,
                  | rPois}.
 12585 | Lair:5   | Noticed an eight-headed hydra
 12589 | Lair:5   | 12589 ||| SWAPPING to +0 dire flail.
 12605 | Lair:5   | Killed an eight-headed hydra
 12606 | Lair:5   | 12606 ||| SWAPPING to +5 battleaxe of Animal Spirits {elec,
                  | rPois}.
 12655 | Lair:5   | 12655 ||| Stepping ~*~*~tactically~*~*~ (stealth).
 12656 | Lair:5   | 12656 ||| INVOKING Heroism.
 12840 | Lair:5   | 12840 ||| INVOKING Heroism.
 12890 | Lair:3   | 12890 ||| INVOKING Heroism.
 12905 | Lair:3   | Identified the +1 pair of gloves "Eduosh" {Regen+ Dex+4}
                  | (Okawaru gifted it to you on level 3 of the Lair of Beasts)
 12905 | Lair:3   | Received a gift from Okawaru
 12965 | Lair:3   | 12965 ||| INVOKING Heroism.
 12974 | Lair:3   | Reached skill level 14 in Axes
 12982 | Lair:3   | Reached skill level 9 in Invocations
 12982 | Lair:3   | Noticed a seven-headed hydra
 12983 | Lair:3   | 12983 ||| INVOKING Finesse.
 12990 | Lair:3   | 12990 ||| SWAPPING to +0 dire flail.
 13002 | Lair:3   | Killed a seven-headed hydra
 13003 | Lair:3   | 13003 ||| SWAPPING to +5 battleaxe of Animal Spirits {elec,
                  | rPois}.
 13094 | Lair:3   | 13094 ||| UPGRADING to +1 pair of gloves "Eduosh" {Regen+
                  | Dex+4}.
 13099 | Lair:3   | 13099 ||| READING 6 scrolls of identify.
 13099 | Lair:3   | 13099 ||| IDENTIFYING lumpy green potion
 13224 | Lair:2   | 13224 ||| Stepping ~*~*~tactically~*~*~ (hiding).
 13225 | Lair:2   | 13225 ||| INVOKING Heroism.
 13228 | Lair:2   | 13228 ||| Stepping randomly (cloudy).
 13229 | Lair:2   | 13229 ||| Stepping randomly (cloudy).
 13736 | Lair:2   | 13736 ||| READING scroll labelled AVVIVI HELULUI.
 13763 | Lair:3   | 13763 ||| INVOKING Heroism.
 13766 | Lair:3   | 13766 ||| STAIRDANCE
 13800 | Lair:3   | Reached skill level 3 in Dodging
 13825 | Lair:3   | 13825 ||| Stepping ~*~*~tactically~*~*~ (stealth).
 13829 | Lair:3   | 13829 ||| INVOKING Heroism.
 13830 | Lair:3   | 13830 ||| Stepping ~*~*~tactically~*~*~ (stealth).
 13831 | Lair:3   | 13831 ||| Stepping ~*~*~tactically~*~*~ (stealth).
 13834 | Lair:3   | 13834 ||| Stepping ~*~*~tactically~*~*~ (stealth).
 13835 | Lair:3   | 13835 ||| Stepping ~*~*~tactically~*~*~ (stealth).
 13836 | Lair:3   | 13836 ||| Stepping ~*~*~tactically~*~*~ (stealth).
 14030 | Lair:3   | Reached skill level 1 in Throwing
 14094 | Lair:3   | 14094 ||| Stepping ~*~*~tactically~*~*~ (hiding).
 14096 | Lair:3   | 14096 ||| Stepping ~*~*~tactically~*~*~ (hiding).
 14099 | Lair:3   | 14099 ||| Stepping ~*~*~tactically~*~*~ (hiding).
 14113 | Lair:3   | Found a staircase to the Snake Pit.
 14115 | Lair:3   | 14115 ||| DROPPING +0 dire flail.
 14550 | Lair:3   | 14550 ||| DROPPING ring of ice.
 14598 | Lair:4   | 14598 ||| Stepping ~*~*~tactically~*~*~ (water).
 15023 | Lair:4   | 15023 ||| Stepping ~*~*~tactically~*~*~ (stealth).
 15026 | Lair:4   | 15026 ||| Stepping ~*~*~tactically~*~*~ (stealth).
 15028 | Lair:4   | 15028 ||| Stepping ~*~*~tactically~*~*~ (stealth).
 15029 | Lair:4   | 15029 ||| Stepping ~*~*~tactically~*~*~ (stealth).
 15042 | Lair:4   | Reached XP level 14. HP: 109/109 MP: 21/21
 15195 | Lair:4   | 15195 ||| INVOKING Heroism.
 15423 | Lair:4   | 15423 ||| UPGRADING to scarf of resistance.
 15428 | Lair:4   | 15428 ||| READING scroll labelled SEUNAS GUETU.
 15429 | Lair:4   | 15429 ||| READING 8 scrolls of identify.
 15429 | Lair:4   | 15429 ||| IDENTIFYING bubbling coppery potion
 15430 | Lair:4   | 15430 ||| DROPPING potion of berserk rage.
 15501 | Lair:5   | Identified the +3 leather armour of the Building Gods
                  | {rElec rPois Int+2 Dex+4}
 15513 | Lair:5   | 15513 ||| Stepping ~*~*~tactically~*~*~ (stealth).
 15514 | Lair:5   | 15514 ||| Stepping ~*~*~tactically~*~*~ (stealth).
 15541 | Lair:5   | 15541 ||| INVOKING Heroism.
 15542 | Lair:5   | 15542 ||| INVOKING Finesse.
 15575 | Lair:5   | Reached skill level 15 in Axes
 15623 | Lair:5   | 15623 ||| INVOKING Heroism.
 15624 | Lair:5   | 15624 ||| INVOKING Finesse.
 15635 | Lair:5   | Received a gift from Okawaru
 15677 | Lair:5   | 15677 ||| INVOKING Heroism.
 15678 | Lair:5   | 15678 ||| INVOKING Finesse.
 15738 | Lair:5   | Noticed Snorg
 15739 | Lair:5   | 15739 ||| INVOKING Heroism.
 15740 | Lair:5   | 15740 ||| INVOKING Finesse.
 15760 | Lair:5   | Killed Snorg
 15851 | Lair:5   | 15851 ||| READING 2 scrolls of acquirement.
 15851 | Lair:5   | 15851 ||| ACQUIRING ring "Folamo" {Int+6 Slay+4}
 15851 | Lair:5   | Acquired the ring "Folamo" {Int+6 Slay+4}
 15853 | Lair:5   | 15853 ||| DROPPING ring of positive energy.
 15854 | Lair:5   | 15854 ||| READING scroll of acquirement.
 15854 | Lair:5   | 15854 ||| ACQUIRING ring of Qoizica {rC+ rCorr Str+5 Dex-4}
 15854 | Lair:5   | Acquired the ring of Qoizica {rC+ rCorr Str+5 Dex-4}
 15856 | Lair:5   | 15856 ||| UPGRADING to ring of Qoizica {rC+ rCorr Str+5
                  | Dex-4}.
 15930 | Lair:5   | Found a staircase to the Slime Pits.
 16280 | Lair:5   | 16280 ||| PLANNING D:1-11
 16280 | Lair:5   | 16280 ||| UPGRADING to ring "Folamo" {Int+6 Slay+4}.
 16282 | Lair:5   | 16282 ||| DROPPING ring of protection from cold.
 16355 | Lair:1   | You fall into a shaft and drop 1 floor!
 16404 | Lair:1   | You fall into a shaft and drop 1 floor!
 16521 | D:9      | 16521 ||| Stepping ~*~*~tactically~*~*~ (stealth).
 16530 | D:9      | 16530 ||| INVOKING Heroism.
 16537 | D:9      | 16537 ||| Stepping ~*~*~tactically~*~*~ (stealth).
 16539 | D:9      | 16539 ||| Stepping ~*~*~tactically~*~*~ (stealth).
 16584 | D:9      | Found a staircase to the Orcish Mines.
 16591 | D:9      | 16591 ||| Stepping ~*~*~tactically~*~*~ (stealth).
 16593 | D:9      | 16593 ||| Stepping ~*~*~tactically~*~*~ (stealth).
 16615 | D:9      | 16615 ||| INVOKING Heroism.
 16683 | D:9      | You fall into a shaft and drop 1 floor!
 16683 | D:10     | Entered Level 10 of the Dungeon
 16708 | D:10     | 16708 ||| Stepping ~*~*~tactically~*~*~ (stealth).
 16709 | D:10     | 16709 ||| Stepping ~*~*~tactically~*~*~ (stealth).
 16796 | D:10     | Found a sacrificial altar of Ru.
 16869 | D:10     | 16869 ||| INVOKING Heroism.
 16912 | D:10     | Was forgiven by Ignis
 16950 | D:10     | 16950 ||| INVOKING Heroism.
 17012 | D:10     | Found Apremm's Distillery.
 17017 | D:10     | 17017 ||| BUYING potion of cancellation (96 gold).
 17017 | D:10     | Bought a potion of cancellation for 96 gold pieces
 17017 | D:10     | 17017 ||| BUYING potion of heal wounds (60 gold).
 17017 | D:10     | Bought a potion of heal wounds for 60 gold pieces
 17017 | D:10     | 17017 ||| BUYING potion of heal wounds (60 gold).
 17017 | D:10     | Bought a potion of heal wounds for 60 gold pieces
 17017 | D:10     | 17017 ||| BUYING potion of magic (96 gold).
 17017 | D:10     | Bought a potion of magic for 96 gold pieces
 17148 | D:10     | 17148 ||| INVOKING Heroism.
 17190 | D:10     | 17190 ||| INVOKING Heroism.
 17236 | D:10     | 17236 ||| DROPPING +1 pair of boots.
 17324 | D:9      | Received a gift from Okawaru
 17399 | D:9      | 17399 ||| Stepping ~*~*~tactically~*~*~ (stealth).
 17400 | D:9      | 17400 ||| Stepping ~*~*~tactically~*~*~ (stealth).
 17400 | D:9      | Found a runed translucent door.
 17406 | D:9      | 17406 ||| Stepping ~*~*~tactically~*~*~ (stealth).
 17421 | D:9      | Identified the +10 flail "Dyemempa" {vorpal, Contam rElec
                  | rCorr Dex+4}
 17458 | D:9      | 17458 ||| INVOKING Heroism.
 17459 | D:9      | 17459 ||| Stepping ~*~*~tactically~*~*~ (stealth).
 17485 | D:9      | 17485 ||| INVOKING Heroism.
 17488 | D:9      | Reached skill level 3 in Throwing
 17771 | D:9      | 17771 ||| Stepping randomly (stuck).
 17772 | D:9      | 17772 ||| INVOKING Heroism.
 17872 | D:10     | 17872 ||| INVOKING Heroism.
 18158 | D:11     | 18158 ||| INVOKING Heroism.
 18177 | D:11     | 18177 ||| Stepping ~*~*~tactically~*~*~ (hiding).
 18216 | D:11     | 18216 ||| Stepping ~*~*~tactically~*~*~ (hiding).
 18260 | D:11     | 18260 ||| Stepping ~*~*~tactically~*~*~ (stealth).
 18267 | D:11     | Noticed Lodul
 18268 | D:11     | 18268 ||| INVOKING Heroism.
 18269 | D:11     | 18269 ||| INVOKING Finesse.
 18270 | D:11     | 18270 ||| INVOKING Finesse.
 18272 | D:11     | 18272 ||| Stepping ~*~*~tactically~*~*~ (hiding).
 18279 | D:11     | Killed Lodul
 18312 | D:11     | 18312 ||| Stepping ~*~*~tactically~*~*~ (stealth).
 18316 | D:11     | 18316 ||| Stepping ~*~*~tactically~*~*~ (stealth).
 18331 | D:11     | 18331 ||| Stepping ~*~*~tactically~*~*~ (stealth).
 18453 | D:11     | 18453 ||| DRINKING 3 potions of cancellation.
 18522 | D:11     | You fall into a shaft and drop 2 floors!
 18539 | D:13     | Noticed an ironbound preserver
 18539 | D:13     | Found a gate to the Vaults.
 18565 | D:13     | 18565 ||| Stepping ~*~*~tactically~*~*~ (hiding).
 18568 | D:13     | 18568 ||| INVOKING Heroism.
 18575 | D:13     | Killed an ironbound preserver
 18581 | D:13     | Received a gift from Okawaru
 18582 | D:13     | Reached XP level 15. HP: 115/115 MP: 22/22
 18589 | D:13     | Reached skill level 16 in Axes
 18703 | D:12     | 18703 ||| INVOKING Heroism.
 18721 | D:12     | Received a gift from Okawaru
 18743 | D:12     | 18743 ||| DROPPING +5 battleaxe of draining.
 18879 | D:12     | Found a hide-covered altar of Uskayaw.
 18913 | D:12     | 18913 ||| INVOKING Heroism.
 18914 | D:12     | 18914 ||| INVOKING Finesse.
 18945 | D:11     | Noticed Psyche
 18953 | D:11     | Killed Psyche
 19162 | D:11     | Noticed Erica
 19163 | D:11     | 19163 ||| Stepping ~*~*~tactically~*~*~ (hiding).
 19166 | D:11     | 19166 ||| INVOKING Heroism.
 19168 | D:11     | 19168 ||| INVOKING Finesse.
 19173 | D:11     | Killed Erica
 19276 | D:11     | 19276 ||| PLANNING D
 19437 | D:12     | 19437 ||| Stepping ~*~*~tactically~*~*~ (hiding).
 19734 | D:13     | 19734 ||| Stepping ~*~*~tactically~*~*~ (hiding).
 19740 | D:13     | 19740 ||| INVOKING Heroism.
 19785 | D:13     | 19785 ||| Stepping randomly (stuck).
 19801 | D:13     | 19801 ||| INVOKING Heroism.
 19852 | D:13     | 19852 ||| DROPPING +2 dire flail of protection.
 20236 | D:13     | 20236 ||| READING scroll labelled MIEDGH FADIZYHA.
 20237 | D:13     | 20237 ||| DRINKING 2 fuming sapphire potions.
 20238 | D:13     | 20238 ||| DROPPING potion of flight.
 20358 | D:14     | 20358 ||| Stepping ~*~*~tactically~*~*~ (hiding).
 20477 | D:14     | 20477 ||| INVOKING Heroism.
 20502 | D:14     | Reached skill level 17 in Axes
 20591 | D:14     | 20591 ||| Stepping ~*~*~tactically~*~*~ (hiding).
 20592 | D:14     | 20592 ||| Stepping ~*~*~tactically~*~*~ (stealth).
 20595 | D:14     | 20595 ||| INVOKING Heroism.
 20618 | D:14     | 20618 ||| Stepping ~*~*~tactically~*~*~ (hiding).
 20619 | D:14     | 20619 ||| Stepping ~*~*~tactically~*~*~ (hiding).
 20625 | D:14     | 20625 ||| DRINKING 4 potions of curing.
 20625 | D:14     | 20625 ||| (to cure confusion)
 20626 | D:14     | 20626 ||| DRINKING 3 potions of curing.
 20626 | D:14     | 20626 ||| (to cure confusion)
 20950 | D:14     | Received a gift from Okawaru
 20955 | D:14     | 20955 ||| Stepping ~*~*~tactically~*~*~ (stealth).
 20961 | D:14     | 20961 ||| Stepping ~*~*~tactically~*~*~ (hiding).
 20964 | D:14     | 20964 ||| INVOKING Heroism.
 20969 | D:14     | Reached skill level 9 in Armour
 21339 | D:14     | 21339 ||| UPGRADING to +2 pair of boots.
 21349 | D:14     | 21349 ||| DROPPING +1 pair of boots.
 21408 | D:15     | Entered Level 15 of the Dungeon
 21461 | D:15     | Found a staircase to the Depths.
 21462 | D:15     | Noticed a fire giant
 21471 | D:15     | 21471 ||| INVOKING Heroism.
 21472 | D:15     | Killed a fire giant
 21571 | D:15     | Found an iron altar of Okawaru.
 21628 | D:15     | 21628 ||| Stepping ~*~*~tactically~*~*~ (hiding).
 21717 | D:15     | 21717 ||| Stepping ~*~*~tactically~*~*~ (stealth).
 21845 | D:15     | 21845 ||| Stepping ~*~*~tactically~*~*~ (stealth).
 21847 | D:15     | 21847 ||| Stepping ~*~*~tactically~*~*~ (stealth).
 21867 | D:15     | 21867 ||| Stepping ~*~*~tactically~*~*~ (hiding).
 21871 | D:15     | 21871 ||| INVOKING Heroism.
 21874 | D:15     | Reached XP level 16. HP: 125/125 MP: 20/23
 21952 | D:15     | 21952 ||| INVOKING Heroism.
 21953 | D:15     | 21953 ||| INVOKING Finesse.
 21957 | D:15     | 21957 ||| SWAPPING to +0 great mace.
 21965 | D:15     | 21965 ||| SWAPPING to +5 battleaxe of Animal Spirits {elec,
                  | rPois}.
 22018 | D:15     | 22018 ||| Stepping ~*~*~tactically~*~*~ (hiding).
 22245 | D:15     | 22245 ||| PLANNING ORC
 22444 | Orc:1    | Entered Level 1 of the Orcish Mines
 22463 | Orc:1    | 22463 ||| Stepping ~*~*~tactically~*~*~ (hiding).
 22466 | Orc:1    | 22466 ||| Stepping ~*~*~tactically~*~*~ (hiding).
 22469 | Orc:1    | 22469 ||| Stepping ~*~*~tactically~*~*~ (hiding).
 22473 | Orc:1    | Received a gift from Okawaru
 22654 | Orc:2    | Entered Level 2 of the Orcish Mines
 22696 | Orc:2    | 22696 ||| INVOKING Heroism.
 22746 | Orc:2    | 22746 ||| INVOKING Heroism.
 22747 | Orc:2    | Noticed Urug
 22748 | Orc:2    | 22748 ||| INVOKING Finesse.
 22763 | Orc:2    | Killed Urug
 22779 | Orc:2    | Reached skill level 18 in Axes
 22798 | Orc:2    | 22798 ||| INVOKING Heroism.
 22849 | Orc:2    | Found Huatwaot's Antique Armour Emporium.
 22869 | Orc:2    | 22869 ||| BUYING cloak (139 gold).
 22869 | Orc:2    | Bought a cloak for 139 gold pieces
 22881 | Orc:2    | Found Tettuuff's General Store.
 22889 | Orc:2    | 22889 ||| BUYING +5 gold dragon scales of the Swamp {rPois
                  | rF+ rC+ Dex+4} (1254 gold).
 22889 | Orc:2    | Bought the +5 gold dragon scales of the Swamp {rPois rF+
                  | rC+ Dex+4} for 1254 gold pieces
 22889 | Orc:2    | 22889 ||| BUYING potion of magic (88 gold).
 22889 | Orc:2    | Bought a potion of magic for 88 gold pieces
 22889 | Orc:2    | 22889 ||| SHOPLISTING scroll of brand weapon (104 gold,
                  | have 83).
 22889 | Orc:2    | 22889 ||| BUYING scroll of enchant armour (82 gold).
 22889 | Orc:2    | Bought a scroll of enchant armour for 82 gold pieces
 22978 | Orc:2    | 22978 ||| INVOKING Heroism.
 22993 | Orc:2    | Found a staircase to the Elven Halls.
 23098 | Orc:2    | Noticed Erolcha
 23099 | Orc:2    | 23099 ||| Stepping ~*~*~tactically~*~*~ (hiding).
 23124 | Orc:2    | 23124 ||| INVOKING Heroism.
 23125 | Abyss:1  | Cast into level 1 of the Abyss (Erolcha)
 23126 | Abyss:1  | 23126 ||| UPGRADING to +5 gold dragon scales of the Swamp
                  | {rPois rF+ rC+ Dex+4}.
 23136 | Abyss:1  | 23136 ||| DROPPING +8 chain mail of the Other Side {Str+5
                  | Int+7}.
 23219 | Abyss:1  | 23219 ||| INVOKING Heroism.
 23238 | Orc:2    | Escaped the Abyss
 23256 | Orc:2    | Killed Erolcha
 23256 | Orc:2    | Received a gift from Okawaru
 23258 | Orc:2    | 23258 ||| SWAPPING to +4 executioner's axe of freezing.
 23259 | Orc:2    | 23259 ||| READING 2 scrolls of brand weapon.
 23259 | Orc:2    | 23259 ||| BRANDING +4 executioner's axe of freezing.
 23260 | Orc:2    | 23260 ||| DROPPING +0 great mace.
 23261 | Orc:2    | 23261 ||| READING scroll of brand weapon.
 23261 | Orc:2    | 23261 ||| BRANDING +4 executioner's axe of flaming.
 23262 | Orc:2    | 23262 ||| DROPPING +5 battleaxe of Animal Spirits {elec,
                  | rPois}.
 23263 | Orc:2    | 23263 ||| READING 4 scrolls of enchant weapon.
 23263 | Orc:2    | 23263 ||| ENCHANTING +4 vampiric executioner's axe.
 23264 | Orc:2    | 23264 ||| READING 3 scrolls of enchant weapon.
 23264 | Orc:2    | 23264 ||| ENCHANTING +5 vampiric executioner's axe.
 23265 | Orc:2    | 23265 ||| READING 2 scrolls of enchant weapon.
 23265 | Orc:2    | 23265 ||| ENCHANTING +6 vampiric executioner's axe.
 23266 | Orc:2    | 23266 ||| READING scroll of enchant weapon.
 23266 | Orc:2    | 23266 ||| ENCHANTING +7 vampiric executioner's axe.
 23274 | Orc:2    | 23274 ||| DROPPING +4 whip.
 23294 | Orc:2    | 23294 ||| INVOKING Heroism.
 23485 | Orc:2    | Found Odimun's Jewellery Emporium.
 23491 | Orc:2    | 23491 ||| BUYING ring of poison resistance (280 gold).
 23491 | Orc:2    | Bought a ring of poison resistance for 280 gold pieces
 23491 | Orc:2    | 23491 ||| SHOPLISTING ring of protection from fire (350
                  | gold, have 200).
 23625 | Orc:2    | Found Keete's Antique Weapon Emporium.
 23765 | Orc:1    | 23765 ||| Stepping ~*~*~tactically~*~*~ (hiding).
 23767 | Orc:1    | 23767 ||| Stepping ~*~*~tactically~*~*~ (hiding).
 23768 | Orc:1    | 23768 ||| Stepping ~*~*~tactically~*~*~ (hiding).
 23769 | Orc:1    | 23769 ||| Stepping ~*~*~tactically~*~*~ (hiding).
 23770 | Orc:1    | 23770 ||| Stepping ~*~*~tactically~*~*~ (hiding).
 23962 | Orc:1    | 23962 ||| PLANNING SNAKE:1-3
 24101 | Snake:1  | Entered Level 1 of the Snake Pit
 24121 | Snake:1  | 24121 ||| Stepping ~*~*~tactically~*~*~ (hiding).
 24148 | Snake:1  | 24148 ||| INVOKING Heroism.
 24203 | Snake:1  | Found Plog's Vocational Training.
 24269 | Snake:1  | 24269 ||| INVOKING Heroism.
 24470 | Snake:1  | 24470 ||| INVOKING Heroism.
 24490 | Snake:1  | Identified the +0 robe of Sophism {Str+3 Int+4 Dex+2}
                  | (Okawaru gifted it to you on level 1 of the Snake Pit)
 24490 | Snake:1  | Received a gift from Okawaru
 24636 | Snake:1  | 24636 ||| INVOKING Heroism.
 24644 | Snake:1  | Reached skill level 12 in Armour
 25098 | Snake:2  | Found Jatyseud's Self-Improvement Boutique.
 25122 | Snake:2  | 25122 ||| FLEEEEING.
 25123 | Snake:2  | 25123 ||| FLEEEEING.
 25124 | Snake:2  | 25124 ||| FLEEEEING.
 25125 | Snake:2  | 25125 ||| FLEEEEING.
 25126 | Snake:2  | 25126 ||| FLEEEEING.
 25127 | Snake:2  | 25127 ||| FLEEEEING.
 25173 | Snake:2  | 25173 ||| INVOKING Heroism.
 25188 | Snake:2  | 25188 ||| Stepping ~*~*~tactically~*~*~ (hiding).
 25201 | Snake:2  | Reached skill level 6 in Throwing
 25269 | Snake:2  | 25269 ||| Stepping ~*~*~tactically~*~*~ (hiding).
 25279 | Snake:2  | 25279 ||| Stepping ~*~*~tactically~*~*~ (stealth).
 25288 | Snake:2  | 25288 ||| Stepping ~*~*~tactically~*~*~ (stealth).
 25297 | Snake:2  | Reached skill level 12 in Fighting
 25340 | Snake:2  | 25340 ||| Stepping ~*~*~tactically~*~*~ (hiding).
 25349 | Snake:2  | Reached XP level 17. HP: 130/133 MP: 24/24
 25375 | Snake:2  | 25375 ||| Stepping ~*~*~tactically~*~*~ (hiding).
 25525 | Snake:2  | 25525 ||| Stepping ~*~*~tactically~*~*~ (hiding).
 25529 | Snake:2  | 25529 ||| INVOKING Heroism.
 25599 | Snake:2  | Found Dizegetee's Specific Store.
 25601 | Snake:2  | 25601 ||| Stepping ~*~*~tactically~*~*~ (hiding).
 25705 | Snake:2  | Found Zuoproum's General Store.
 25718 | Snake:2  | 25718 ||| BUYING scroll of brand weapon (133 gold).
 25718 | Snake:2  | Bought a scroll of brand weapon for 133 gold pieces
 25757 | Snake:2  | 25757 ||| Stepping ~*~*~tactically~*~*~ (hiding).
 25758 | Snake:2  | 25758 ||| Stepping ~*~*~tactically~*~*~ (hiding).
 25764 | Snake:2  | 25764 ||| INVOKING Heroism.
 25766 | Snake:2  | 25766 ||| Stepping ~*~*~tactically~*~*~ (hiding).
 25769 | Snake:2  | 25769 ||| Stepping ~*~*~tactically~*~*~ (hiding).
 25801 | Snake:2  | You fall into a shaft and drop 1 floor!
 25805 | Snake:3  | 25805 ||| READING scroll of acquirement.
 25805 | Snake:3  | 25805 ||| ACQUIRING 881 gold pieces
 25805 | Snake:3  | Acquired 881 gold pieces
 25807 | Snake:3  | 25807 ||| UPGRADING to +2 tower shield of poison
                  | resistance.
 25817 | Snake:3  | 25817 ||| DROPPING +0 tower shield.
 25905 | Snake:3  | 25905 ||| Stepping ~*~*~tactically~*~*~ (hiding).
 25913 | Snake:3  | 25913 ||| Stepping ~*~*~tactically~*~*~ (hiding).
 25937 | Snake:3  | 25937 ||| Stepping ~*~*~tactically~*~*~ (hiding).
 25942 | Snake:3  | 25942 ||| INVOKING Heroism.
 26006 | Snake:3  | 26006 ||| INVOKING Heroism.
 26011 | Snake:3  | 26011 ||| Stepping ~*~*~tactically~*~*~ (hiding).
 26013 | Snake:3  | 26013 ||| Stepping ~*~*~tactically~*~*~ (hiding).
 26063 | Snake:3  | Found Onnumos's Book Emporium.
 26066 | Snake:3  | Found Leat's Assorted Antiques.
 26070 | Snake:3  | Found Woateakh's Antique Armour Emporium.
 26075 | Snake:3  | 26075 ||| BUYING twisted jade amulet (160 gold).
 26075 | Snake:3  | Bought a twisted jade amulet for 160 gold pieces
 26115 | Snake:3  | 26115 ||| INVOKING Heroism.
 26125 | Snake:3  | Identified the +8 sling of the Living Dead {freeze, rElec
                  | rC- Int+4} (Okawaru gifted it to you on level 3 of the
                  | Snake Pit)
 26125 | Snake:3  | Received a gift from Okawaru
 26177 | Snake:3  | 26177 ||| Stepping ~*~*~tactically~*~*~ (hiding).
 26187 | Snake:3  | Reached skill level 18 in Shields
 26187 | Snake:3  | 26187 ||| DROPPING amulet of faith.
 26208 | Snake:3  | 26208 ||| Stepping ~*~*~tactically~*~*~ (hiding).
 26214 | Snake:3  | 26214 ||| Stepping ~*~*~tactically~*~*~ (hiding).
 26237 | Snake:2  | 26237 ||| INVOKING Heroism.
 26353 | Snake:2  | 26353 ||| INVOKING Heroism.
 26740 | Snake:2  | 26740 ||| Stepping ~*~*~tactically~*~*~ (hiding).
 26741 | Snake:2  | 26741 ||| Stepping ~*~*~tactically~*~*~ (hiding).
 26807 | Snake:2  | 26807 ||| DROPPING +4 ring of slaying {mikee}.
 26925 | Snake:3  | 26925 ||| Stepping ~*~*~tactically~*~*~ (hiding).
 26933 | Snake:3  | 26933 ||| INVOKING Heroism.
 26962 | Snake:3  | 26962 ||| Stepping ~*~*~tactically~*~*~ (stealth).
 26963 | Snake:3  | 26963 ||| Stepping ~*~*~tactically~*~*~ (stealth).
 26977 | Snake:3  | 26977 ||| Stepping ~*~*~tactically~*~*~ (hiding).
 27114 | Snake:3  | Identified the +12 falchion "Codghipho" {vorpal, rN+ rCorr
                  | Int-4 SInv}
 27332 | Snake:3  | Received a gift from Okawaru
 27406 | Snake:3  | 27406 ||| PLANNING SWAMP:1-3
 27406 | Snake:3  | 27406 ||| DROPPING +2 pair of boots.
 27539 | Swamp:1  | Entered Level 1 of the Swamp
 27540 | Swamp:1  | 27540 ||| INVOKING Heroism.
 27544 | Swamp:1  | 27544 ||| Stepping ~*~*~tactically~*~*~ (stealth).
 27554 | Swamp:1  | 27554 ||| Stepping ~*~*~tactically~*~*~ (hiding).
 27555 | Swamp:1  | 27555 ||| Stepping ~*~*~tactically~*~*~ (hiding).
 27556 | Swamp:1  | 27556 ||| Stepping ~*~*~tactically~*~*~ (hiding).
 27557 | Swamp:1  | 27557 ||| SWAPPING to +0 great mace.
 27562 | Swamp:1  | 27562 ||| SWAPPING to +8 vampiric executioner's axe.
 27577 | Swamp:1  | 27577 ||| INVOKING Heroism.
 27582 | Swamp:1  | Identified the +3 scale mail of Bonik {*Slow rPois Int+6}
                  | (Okawaru gifted it to you on level 1 of the Swamp)
 27582 | Swamp:1  | Received a gift from Okawaru
 27625 | Swamp:1  | 27625 ||| DRINKING 2 potions of resistance.
 27683 | Swamp:1  | 27683 ||| INVOKING Heroism.
 27703 | Swamp:1  | Reached skill level 19 in Axes
 27743 | Swamp:1  | 27743 ||| INVOKING Heroism.
 27745 | Swamp:1  | 27745 ||| SWAPPING to +0 great mace.
 27749 | Swamp:1  | 27749 ||| SWAPPING to +8 vampiric executioner's axe.
 27774 | Swamp:1  | 27774 ||| INVOKING Heroism.
 27778 | Swamp:1  | 27778 ||| SWAPPING to +0 great mace.
 27780 | Swamp:1  | 27780 ||| Stepping ~*~*~tactically~*~*~ (water).
 27789 | Swamp:1  | 27789 ||| SWAPPING to +8 vampiric executioner's axe.
 27823 | Swamp:1  | Noticed Aizul
 27824 | Swamp:1  | 27824 ||| INVOKING Heroism.
 27825 | Swamp:1  | 27825 ||| INVOKING Finesse.
 27834 | Swamp:1  | Killed Aizul
 27886 | Swamp:1  | 27886 ||| INVOKING Heroism.
 27907 | Swamp:1  | 27907 ||| READING scroll of acquirement.
 27907 | Swamp:1  | 27907 ||| ACQUIRING +1 pair of gloves of Elitism {*Slow
                  | rF++ MP+9}
 27907 | Swamp:1  | Acquired the +1 pair of gloves of Elitism {*Slow rF++ MP+9}
 28019 | Swamp:1  | 28019 ||| Stepping ~*~*~tactically~*~*~ (hiding).
 28165 | Swamp:1  | 28165 ||| INVOKING Heroism.
 28307 | Swamp:2  | 28307 ||| INVOKING Heroism.
 28310 | Swamp:2  | 28310 ||| Stepping ~*~*~tactically~*~*~ (water).
 28316 | Swamp:2  | 28316 ||| SWAPPING to +0 great mace.
 28321 | Swamp:2  | 28321 ||| SWAPPING to +8 vampiric executioner's axe.
 28330 | Swamp:2  | 28330 ||| Stepping ~*~*~tactically~*~*~ (water).
 28331 | Swamp:2  | Reached XP level 18. HP: 141/141 MP: 25/25
 28355 | Swamp:2  | 28355 ||| DROPPING +0 great mace.
 28371 | Swamp:2  | 28371 ||| INVOKING Heroism.
 28496 | Swamp:2  | 28496 ||| INVOKING Heroism.
 28497 | Swamp:2  | 28497 ||| INVOKING Finesse.
 28551 | Swamp:2  | 28551 ||| INVOKING Heroism.
 28738 | Swamp:2  | 28738 ||| Stepping ~*~*~tactically~*~*~ (hiding).
 29162 | Swamp:3  | 29162 ||| INVOKING Heroism.
 29202 | Swamp:3  | 29202 ||| INVOKING Heroism.
 29264 | Swamp:3  | 29264 ||| INVOKING Heroism.
 29324 | Swamp:3  | 29324 ||| INVOKING Heroism.
 29365 | Swamp:3  | 29365 ||| INVOKING Heroism.
 29394 | Swamp:3  | 29394 ||| INVOKING Heroism.
 29437 | Swamp:3  | 29437 ||| INVOKING Heroism.
 29480 | Swamp:3  | 29480 ||| INVOKING Heroism.
 29512 | Swamp:3  | 29512 ||| INVOKING Heroism.
 29522 | Swamp:3  | HP: 34/143 [spriggan rider/+0 spear (9)]
 29523 | Swamp:3  | 29523 ||| DRINKING 8 potions of heal wounds.
 29570 | Swamp:3  | 29570 ||| INVOKING Heroism.
 29612 | Swamp:3  | 29612 ||| INVOKING Heroism.
 29646 | Swamp:3  | 29646 ||| INVOKING Heroism.
 29695 | Swamp:3  | 29695 ||| INVOKING Heroism.
 29754 | Swamp:3  | 29754 ||| INVOKING Heroism.
 29794 | Swamp:3  | 29794 ||| INVOKING Heroism.
 29820 | Swamp:3  | 29820 ||| INVOKING Heroism.
 29868 | Swamp:3  | 29868 ||| INVOKING Heroism.
 29909 | Swamp:3  | HP: 35/143 [spriggan rider/+0 spear (9)]
 29910 | Swamp:3  | 29910 ||| DRINKING 7 potions of heal wounds.
 29916 | Swamp:3  | 29916 ||| INVOKING Heroism.
 29932 | Swamp:3  | 29932 ||| INVOKING Heroism.
 29958 | Swamp:3  | 29958 ||| INVOKING Heroism.
 30013 | Swamp:3  | 30013 ||| INVOKING Heroism.
 30049 | Swamp:3  | 30049 ||| INVOKING Heroism.
 30077 | Swamp:3  | Noticed Nikola
 30078 | Swamp:3  | 30078 ||| FLEEEEING.
 30079 | Swamp:3  | 30079 ||| FLEEEEING.
 30080 | Swamp:3  | 30080 ||| INVOKING Heroism.
 30100 | Swamp:3  | Killed from afar by Nikola

Levels and vault maps discovered:
D:1:      matt_arrival_diagonals, layout_loops_ring,
          hellmonk_ecumenical_altar_leap_of_faith, serial_shops, shop,
          chequers_serial_rivers_marsh, minmay_misc_feat_hallway,
          minmay_ruptured
D:2:      layout_loops_ring
D:3:      layout_rooms, nicolae_overflow_crystal_walls
D:4:      layout_basic, grunt_temple_overflow_open,
          chequers_serial_rivers_micro_d, grunt_ministairs_11,
          nicolae_shop_firing_range, uniq_duvessa
D:5:      layout_basic, mainiacjoe_overflow_cross_hatched,
          nicolae_gozag_cash_rules_everything_around_me,
          guppyfry_early_lair_pool
D:6:      layout_basic, minmay_temple_entry_overgrown, uniq_grinder
D:7:      layout_loops_ring, nicolae_qazlal_scattered_showers,
          gammafunk_ghost_stat_death, kennysheep_small_square, uniq_maggie
D:8:      layout_basic, lair_entry_dummy
D:9:      layout_loops_ring, zombieorc2_lemuel, minmay_st_funbox
D:10:     layout_irregular_city, mainiacjoe_overflow_alcove_2, serial_shops,
          kennysheep_little_box, serial_bayou_lake_a
D:11:     layout_roguey, uniq_erica, uniq_lodul, uniq_psyche
D:12:     hangedman_cross_stitches, layout_loops_ring, minivault_16,
          nicolae_uskayaw_en_pointe
D:13:     layout_gridville, skrybe_vaults_entry_preservation, serial_glass,
          glass_columns_a, glass_columns_a, glass_columns_b, glass_columns_c,
          glass_columns_a, glass_columns_b, glass_columns_a, glass_columns_a,
          glass_columns_c, glass_columns_c, glass_columns_a, glass_columns_a,
          glass_columns_b, glass_columns_a, small_chamber_with_monster
D:14:     layout_loops_ring, serial_bayou_pond_a, einodemon_barbed_minivault
D:15:     grunt_enter_depths_giant_problem, layout_long_grid,
          okawaru_metal_pillars_3
Temple:   zaba_magenta_temple
Lair:1:   layout_hall_layers, serial_bayou, serial_bayou_lagoon_a,
          serial_bayou_pond_b, serial_bayou_pond_d, serial_bayou_pond_d,
          uniq_grum
Lair:2:   layout_roguey [special_room_bee], skrybe_swamp_entry_bodies,
          enter_volcano_3, chequers_serial_rivers_room_b, patterned_corridor
Lair:3:   layout_small_grid, minmay_snake_entry_guardpost_small,
          infiniplex_staircase_pool_2
Lair:4:   layout_cave_pods, lemuel_fruit_tree, wad_woods_river_01
Lair:5:   gammafunk_lair_ancient_temple, layout_long_grid,
          minmay_slime_entry_eyes, uniq_snorg
Swamp:1:  layout_basic_swamp, evilmike_swamp_ruin_house_3, swamp_pool2,
          nicolae_swamp_catching_bugs, uniq_aizul
Swamp:2:  layout_basic_swamp, nicolae_swamp_fairy_circle, swamp_pool4
Swamp:3:  layout_basic_swamp, nicolae_swamp_ascending_descending_big,
          uniq_nikola
Snake:1:  layout_cave_shapes, grunt_ministairs_7, nicolae_shop_vocational
Snake:2:  layout_concentric_octagons, nicolae_specific_store, drop_trap,
          nicolae_shop_self_help
Snake:3:  layout_gridlike, minmay_shop_star
Orc:1:    layout_caves, mines2_lemuel
Orc:2:    grunt_orc_cross, layout_caves, minmay_orc_keep, uniq_urug,
          uniq_erolcha

Skill      XL: |  1  2  3  4  5  6  7  8  9 10 11 12 13 14 15 16 17 18 |
---------------+-------------------------------------------------------+-----
Axes           | 4 5 6 8 10 11 13 14 15 17 18 19 | 19.0
Dodging        | 1 2 3 4 5 |  5.1
Armour         | 2 3 4 5 6 7 8 9 12 13 | 13.8
Shields        | 3 6 8 9 11 13 14 15 16 17 18 | 18.0
Fighting       | 4 5 6 8 9 10 11 12 13 | 13.0
Invocations    | 4 6 10 | 10.0
Throwing       | 2 4 6 8 |  8.0
Spellcasting   | |  1.1
Fire Magic     | |  3.0

Action                   |  1- 3 |  4- 6 |  7- 9 | 10-12 | 13-15 | 16-18 || total
-------------------------+-------+-------+-------+-------+-------+-------++-------
Melee: Hand axe          |   112 |   143 |   153 |       |       |       ||   408
       Punch             |     1 |     1 |       |       |       |       ||     2
       War axe           |       |       |   214 |       |       |       ||   214
       Battleaxe         |       |       |       |   338 |   760 |   169 ||  1267
       Dire flail        |       |       |       |    15 |    35 |       ||    50
       Executioner's axe |       |       |       |       |       |   593 ||   593
       Great mace        |       |       |       |       |       |    22 ||    22
Throw: Boomerang         |       |       |       |       |    75 |     8 ||    83
       Javelin           |       |       |       |       |    10 |    55 ||    65
Invok: Fiery Armour      |     3 |     2 |     4 |     4 |       |       ||    13
       Heroism           |       |       |       |    17 |    37 |    56 ||   110
       Finesse           |       |       |       |     1 |     9 |     4 ||    14
  Use: Scroll            |     5 |     6 |    10 |     3 |     7 |     8 ||    39
       Potion            |     1 |     1 |     1 |     3 |     4 |     3 ||    13
 Stab: Distracted        |     1 |       |       |       |       |       ||     1
       Paralysed         |       |       |     1 |       |       |       ||     1
Armor: Robe              |    18 |       |       |       |       |       ||    18
       Chain mail        |    11 |    84 |    89 |   117 |   203 |    18 ||   522
       Scale mail        |       |       |    12 |    24 |       |       ||    36
       Gold dragon scale |       |       |       |       |       |   406 ||   406
Dodge: Dodged            |    58 |    27 |    41 |    89 |   110 |   192 ||   517
Block: Tower shield      |       |    42 |   345 |   443 |   709 |  2172 ||  3711
       Reflection        |       |     3 |     3 |    12 |    30 |    66 ||   114

Table legend:
 A = Non-vault XP
 B = Vault XP
 C = Vault XP percentage of total XP
 D = Non-vault monster count
 E = Vault monster count
 F = Vault count percentage of total count
                 A         B        C        D         E       F
            +---------+---------+-------+---------+---------+-------
      Total |  170410 |   49146 |  22.4 |     627 |     232 |  27.0
            +---------+---------+-------+---------+---------+-------
        D:1 |      47 |       7 |  13.0 |      27 |       4 |  12.9
        D:2 |     107 |       0 |   0.0 |      22 |       0 |   0.0
        D:3 |     131 |       0 |   0.0 |      11 |       0 |   0.0
        D:4 |     173 |     216 |  55.5 |      27 |       7 |  20.6
        D:5 |     414 |      40 |   8.8 |      10 |       3 |  23.1
        D:6 |     531 |     281 |  34.6 |      11 |       1 |   8.3
        D:7 |     756 |     656 |  46.5 |      10 |       4 |  28.6
        D:8 |    2628 |       0 |   0.0 |      38 |       0 |   0.0
        D:9 |    1462 |    1940 |  57.0 |      27 |      45 |  62.5
       D:10 |    1868 |       0 |   0.0 |      21 |       0 |   0.0
       D:11 |    3029 |    2941 |  49.3 |      16 |      11 |  40.7
       D:12 |    4243 |    4920 |  53.7 |      11 |      13 |  54.2
       D:13 |    5771 |    5951 |  50.8 |      18 |      10 |  35.7
       D:14 |    7502 |    3145 |  29.5 |      23 |      11 |  32.4
       D:15 |   10665 |     993 |   8.5 |      19 |       1 |   5.0
     Lair:1 |    3554 |    1149 |  24.4 |      18 |       6 |  25.0
     Lair:2 |    4492 |    2803 |  38.4 |      16 |      29 |  64.4
     Lair:3 |   10346 |     486 |   4.5 |      39 |       3 |   7.1
     Lair:4 |    5494 |     763 |  12.2 |      19 |       4 |  17.4
     Lair:5 |   17212 |    8003 |  31.7 |      34 |      19 |  35.8
    Swamp:1 |   12802 |    4731 |  27.0 |      28 |      10 |  26.3
    Swamp:2 |   11107 |       0 |   0.0 |      18 |       0 |   0.0
    Swamp:3 |    4987 |       0 |   0.0 |      12 |       0 |   0.0
    Snake:1 |   15905 |     999 |   5.9 |      31 |       2 |   6.1
    Snake:2 |   18210 |       0 |   0.0 |      36 |       0 |   0.0
    Snake:3 |   21492 |       0 |   0.0 |      45 |       0 |   0.0
      Orc:1 |     912 |       0 |   0.0 |      11 |       0 |   0.0
      Orc:2 |    1975 |    9122 |  82.2 |      25 |      49 |  66.2
    Abyss:1 |    2595 |       0 |   0.0 |       4 |       0 |   0.0
            +---------+---------+-------+---------+---------+-------
